 Dungeon Crawl Stone Soup version 0.30.1-11-g7821555f0a (webtiles) character file.

Game seed: 2527342618569249171

382 KittyFluff the Covered (level 6, -4/38 HPs)
             Began as a Gargoyle Berserker on Nov 24, 2023.
             Was a Believer of Trog.
             Killed by divine providence
             ... invoked by an orc priest
              (7 damage)
             ... on level 3 of the Dungeon.
             The game lasted 00:07:21 (1734 turns).

KittyFluff the Covered (Gargoyle Berserker)         Turns: 1734, Time: 00:07:22

Health: -4/38      AC: 12    Str: 22    XL:     6   Next: 76%
Magic:  6/6        EV: 12    Int:  8    God:    Trog [**....]
Gold:   82         SH:  0    Dex:  9    Spells: 5/5 levels left

rFire   . . .        a - +0 mace
rCold   . . .        (no shield)
rNeg    + . .        b - +0 animal skin
rPois   ∞            (no helmet)
rElec   +            j - +0 cloak
rCorr   .            (no gloves)
SInv    +            (no boots)
Will    .....        (no amulet)
Stlth   ++           d - ring of see invisible
HPRegen 0.26/turn    e - +4 ring of protection
MPRegen 0.10/turn

%: no passive effects
@: on berserk cooldown, attractive, slowed, very slow
A: sickness immunity, AC +4, negative energy resistance 1, electricity
resistance, torment resistance 1, petrification resistance
a: Renounce Religion, Berserk, Trog's Hand


You were on level 3 of the Dungeon.
You worshipped Trog.
Trog was pleased with you.
You visited 1 branch of the dungeon, and saw 3 of its levels.

You collected 82 gold pieces.

Inventory:

Hand Weapons
 a - a +0 mace (weapon)
 i - a +3 quarterstaff of chaos
 n - a +0 morningstar
Missiles
 l - 3 poisoned darts (quivered)
Armour
 b - a +0 animal skin (worn)
 j - a +0 cloak (worn)
Jewellery
 d - a ring of see invisible (left hand)
 e - a +4 ring of protection (right hand)
Scrolls
 c - 3 scrolls of identify {unknown}
 f - a scroll of fear {unknown}
 g - 2 scrolls of amnesia {unknown}
 m - a scroll of teleportation {unknown}
 o - a scroll of blinking {unknown}


   Skills:
 + Level 4.2 Fighting
 + Level 3.9 Maces & Flails
 * Level 4.4 Armour
 * Level 3.3 Dodging
 + Level 2.5 Stealth


You had 5 spell levels left.
You didn't know any spells.
Your spell library was empty.

Dungeon Overview and Level Annotations

Branches:
Dungeon (3/15)

Altars:
Sif Muna

Shops:
D:2 =


Innate Abilities, Weirdness & Mutations

You are immune to sickness and miasma.
Your stone body is resilient. (AC +4)
You are immune to poison.
You resist negative energy. (rN+)
You are resistant to electric shocks. (rElec)
You are resistant to unholy torment.
You are immune to petrification.


Message History

The orc wizard hits you with a +0 dagger.
* * * LOW HITPOINT WARNING * * *
You completely miss the orc wizard.
The orc wizard is lightly wounded.
The orc wizard barely misses you.
A red film seems to cover your vision as you go berserk!
You feel yourself moving faster!
You feel mighty! The orc wizard barely misses you.
You sock the orc wizard!
The orc wizard is severely wounded.
The orc wizard hits you but does no damage.
You hit the orc wizard.
The orc wizard is almost dead.
You closely miss the orc wizard.
The orc wizard is almost dead.
The orc wizard gestures at you while chanting.
You are confused.
The orc priest calls upon Beogh to heal the orc wizard.
The orc wizard is healed somewhat.
You bump into the rock wall.
The orc wizard barely misses you.
You feel a strong urge to attack something.
The orc wizard is attracted toward you. The orc priest is attracted toward you.
You miss the orc wizard.
The orc wizard is heavily wounded.
The orc priest miscasts a cantrip.
The orc wizard hits you but does no damage.
You bump into the rock wall.
The orc wizard barely misses you.
You bump into the rock wall.
You feel a strong urge to attack something.
The orc wizard hits you but does no damage.
You bump into the rock wall.
You are no longer berserk.
You are exhausted.
You feel yourself slow down.
You bump into the rock wall.
You feel less confused.
The orc wizard hits you but does no damage. x2
The orc priest invokes the aid of Beogh against you.
Beogh smites you!
You die...

#..#....'.....'.'........#
##.....##.....###........##......
#.#.#.######.#####'#######......
#.#.#.# #.......#######....o.
##.#.#.# #.#####.......#......
.....#.# #.# #.......#...o.o
##...#.# #.# #......(#....oo
###.#.######.#####)......#oo....
#............@oo§......'oo..J.
###.######.#####.......#######
#.### ### ###+++### #...#
########.##### .............#
..†.........## #############


You could see an orc priest and an orc wizard.

Vanquished Creatures
  Grinder (D:3)
  Crazy Yiuf (D:2)
  Jessica (D:2)
  2 orc wizards (D:3)
  Robin (D:2)
  A worm (D:2)
  A dart slug (D:1)
  An orc (D:3)
  5 ball pythons
  6 endoplasms
  A giant cockroach (D:1)
  8 goblins
  9 hobgoblins
  2 quokkas
  7 bats
  8 kobolds
  5 rats
60 creatures vanquished.

Vanquished Creatures (others)
  An orc (D:3)
1 creature vanquished.

Grand Total: 61 creatures vanquished

Notes
Turn   | Place    | Note
-------+----------+-------------------------------------------
     0 | D:1      | KittyFluff the Gargoyle Berserker began the quest for the
                  | Orb.
     0 | D:1      | Reached XP level 1. HP: 14/14 MP: 1/1
   145 | D:1      | Reached XP level 2. HP: 18/19 MP: 2/2
   343 | D:1      | Reached XP level 3. HP: 21/23 MP: 3/3
   359 | D:1      | Reached ** piety under Trog
   664 | D:2      | Found a shimmering blue altar of Sif Muna.
   799 | D:2      | Found a runed translucent door.
   800 | D:2      | Noticed Crazy Yiuf
   811 | D:2      | Killed Crazy Yiuf
   812 | D:2      | Reached skill level 1 in Stealth
   812 | D:2      | Reached XP level 4. HP: 21/28 MP: 4/4
   890 | D:2      | Found Nimohunt's Jewellery Shop.
   932 | D:2      | Noticed Robin
   951 | D:2      | Killed Robin
  1143 | D:2      | Noticed Jessica
  1148 | D:2      | Killed Jessica
  1149 | D:2      | Reached XP level 5. HP: 33/33 MP: 5/5
  1506 | D:3      | Noticed Grinder
  1514 | D:3      | Paralysed by Grinder for 4 turns
  1520 | D:3      | Paralysed by Grinder for 5 turns
  1527 | D:3      | HP: 1/33 [Grinder (1)]
  1531 | D:3      | Killed Grinder
  1532 | D:3      | Reached XP level 6. HP: 7/38 MP: 6/6
  1720 | D:3      | HP: 1/38 [orc priest/divine providence (17)]
  1734 | D:3      | Killed from afar by an orc priest

Illustrated notes

Levels and vault maps discovered:
D:1:      dpeg_arrival_more_subterranean_lakeside_camping, layout_basic
D:2:      layout_loops_cross, basic_altar, serial_shops, shop_fountains,
          uniq_robin, uniq_crazy_yiuf_cottage, uniq_jessica
D:3:      layout_basic, nemelex_altar_shiori, mainiacjoe_overflow_24_doors,
          uniq_grinder

Skill      XL: |  1  2  3  4  5 |
---------------+----------------+-----
Dodging        | 2 3 |  3.3
Armour         | 3 4 |  4.4
Stealth        | 1 2 |  2.5
Fighting       | 4 |  4.2
Maces & Flails | |  3.9

Action                     |  1- 3 |  4- 6 || total
---------------------------+-------+-------++-------
  Melee: Mace              |   100 |    98 ||   198
         Punch             |     4 |       ||     4
         Unarmed           |     5 |       ||     5
  Throw: Dart              |       |     2 ||     2
 Invoke: Berserk           |       |     1 ||     1
    Use: Potion            |       |     3 ||     3
 Armour: Animal skin       |    57 |    36 ||    93
  Dodge: Dodged            |    84 |    48 ||   132
